 Dungeon Crawl Stone Soup version 0.31.0-32-g396128a36d (webtiles) character file.

Game seed: 16676711469380256284

66745 Dadi the Brawler (level 14, -8/151 (169) HPs)
             Began as a Demonspawn Berserker on Mar 28, 2024.
             Was a High Priest of Trog.
             Mangled by a skeletal warrior
             ... wielding a +0 glaive
              (17 damage)
             ... on level 12 of the Dungeon.
             The game lasted 00:47:05 (18961 turns).

Dadi the Brawler (Demonspawn Berserker)            Turns: 18961, Time: 00:47:06

HP:   -8/151 (169)  AC: 18    Str: 25    XL:     14   Next: 80%
MP:   14/14         EV: 14    Int: 10    God:    Trog [*****.]
Gold: 1442          SH:  5    Dex: 17    Spells: 13/13 levels left

rFire   + +          .
                       - Unarmed
rCold   . . .        (no shield)
rNeg    . . .        F - +6 scale mail "Vaxo Siseosk" {rF+ Str+2 Int+2}
rPois   .            p - +2 hat of Xegeuzaph {Fly Regen+ Dex+3}
rElec   .            E - +1 cloak
rCorr   .            (gloves unavailable)
SInv    +            (no boots)
Will    ++...        N - amulet "Faxaengo" {Reflect Will+ SH+5} Stlth
                     r - ring of see invisible
HPRegen 1.25/turn    B - ring of protection from fire
MPRegen 0.14/turn

%: reflection
@: berserking, flying, heavily drained, very quick
A: claws 3, thin skeletal structure 1, ignite blood 2, spiny 1, bedeviling
a: Renounce Religion, Berserk, Trog's Hand, Brothers in Arms


You were on level 12 of the Dungeon.
You worshipped Trog.
Trog was extremely pleased with you.
You visited 3 branches of the dungeon, and saw 19 of its levels.
You also visited: Bailey.

You collected 2629 gold pieces.
You spent 1187 gold pieces at shops.

Inventory:

Missiles
 y - 6 throwing nets (quivered)
Armour
 p - the +2 hat of Xegeuzaph (worn) {Fly Regen+ Dex+3}
   (You acquired it on level 9 of the Dungeon)

   Dex+3:     It affects your dexterity (+3).
   Fly:       It grants you flight.
   Regen+:    It increases your rate of health regeneration.
 E - a +1 cloak (worn)
 F - the +6 scale mail "Vaxo Siseosk" (worn) {rF+ Str+2 Int+2}
   (You bought it in a shop on level 2 of the Dungeon)

   Str+2:     It affects your strength (+2).
   Int+2:     It affects your intelligence (+2).
   rF+:       It protects you from fire.
Jewellery
 b - a ring of willpower
 r - a ring of see invisible (left claw)
 s - a ring of magical power
 B - a ring of protection from fire (right claw)
 D - a ring of protection from cold
 H - a ring of ice
 I - a ring of poison resistance
 N - the amulet "Faxaengo" (around neck) {Reflect Will+ SH+5}
   (You bought it in a shop on level 2 of the Orcish Mines)

   [amulet of reflection]

   Reflect:   It reflects blocked missile attacks.
   Will+:     It increases your willpower.
   SH+5:      It affects your SH (+5).
 O - an amulet of the acrobat
Talismans
 J - a blade talisman
Wands
 j - a wand of digging (6)
 q - a wand of flame (58)
 A - a wand of acid (19)
 M - a wand of charming (5)
Scrolls
 a - 3 scrolls of fear {unknown}
 d - 3 scrolls of enchant armour
 e - a scroll of revelation {unknown}
 g - 5 scrolls of teleportation
 m - 4 scrolls of fog
 o - a scroll of vulnerability
 v - 2 scrolls of poison
 G - 5 scrolls of identify
 L - a scroll of acquirement
Potions
 c - 4 potions of curing
 f - 3 potions of enlightenment
 h - 4 potions of might {unknown}
 i - 2 potions of heal wounds
 k - 3 potions of lignification
 l - 3 potions of cancellation {unknown}
 n - 5 potions of haste
 t - 2 potions of attraction {unknown}
 u - a potion of mutation {unknown}
 x - a potion of ambrosia {unknown}
 z - a potion of brilliance {unknown}
 K - a potion of magic {unknown}
Miscellaneous
 w - a phantom mirror
 C - a condenser vane


   Skills:
 + Level 11.2 Fighting
 - Level 2.6 Maces & Flails
 - Level 8.0 Armour
 - Level 7.0 Dodging
 * Level 16.2 Unarmed Combat
 - Level 10.8 Shapeshifting


You had 13 spell levels left.
You didn't know any spells.
Your spell library was empty.

Dungeon Overview and Level Annotations

Branches:
Dungeon (12/15)            Temple (0/1) D:6            Lair (5/5) D:8
 Shoals (0/4) Lair:2       Spider (0/4) Lair:3        Slime (0/5) Lair:5
    Orc (2/2) D:10            Elf (0/3) Orc:2        Bailey (visited)

Altars:
Ashenzari
Cheibriados
Dithmenos
Fedhas
Kikubaaqudgha
Makhleb
Okawaru
Ru
Sif Muna
Vehumet
Wu Jian
Xom
Yredelemnul

Shops:
D:2 [((((   Orc:2 (!==?


Innate Abilities, Weirdness & Mutations

You have claws for hands.
You have a somewhat thin skeletal structure. (Dex +2, Stealth+)
Your demonic aura often causes spilled blood to erupt in flames.
You are partially covered in sharp spines.
Your hexes are more powerful.


Message History

You feel yourself moving faster!
You feel mighty!
The skeletal warrior is engulfed in blazing flames.
The skeletal warrior hits you but does no damage.
The skeletal warrior hits you from afar with a +0 glaive.
You feel a strong urge to attack something.
The skeletal warrior is struck by your spines.
The skeletal warrior hits you but does no damage.
The skeletal warrior is struck by your spines.
The skeletal warrior closely misses you.
You block the skeletal warrior's attack.
The skeletal warrior hits you with a +0 glaive!!
You mangle the skeletal warrior!!
The skeletal warrior is almost destroyed.
The skeletal warrior is engulfed in blazing flames.
You feel the power of Trog in you as your rage grows.
You destroy the skeletal warrior!
Trog accepts your kill.
The skeletal warrior hits you with a +0 battleaxe!
* * * LOW HITPOINT WARNING * * *
The skeletal warrior is engulfed in blazing flames.
The skeletal warrior is struck by your spines.
The skeletal warrior hits you with a +0 long sword!
* * * LOW HITPOINT WARNING * * *
The skeletal warrior is struck by your spines.
The skeletal warrior hits you with a +0 glaive!
* * * LOW HITPOINT WARNING * * *
You eviscerate the skeletal warrior!!!
The skeletal warrior is severely damaged.
You hear a shout!
You claw the skeletal warrior!
The skeletal warrior is almost destroyed.
You scratch the skeletal warrior but do no damage.
The skeletal warrior is almost destroyed.
The skeletal warrior is engulfed in blazing flames.
The skeletal warrior hits you with a +0 long sword!
* * * LOW HITPOINT WARNING * * *
The skeletal warrior hits you but does no damage.
The skeletal warrior is engulfed in blazing flames.
The skeletal warrior hits you with a +0 glaive!
You die...

##.###............#
##.# ###.###......#
##'## #.# #......#
# ....# #.#
#......+ .. ....#
#.###......# ..#
....# #..........#
.... ....#
####.####'##.~~~~
....# #.# #.○..~#
##### #.# #@z#.~#
#.# #zz# ≈# #.#
.z>.. # #.#
.#....~#
#.##.#....≈# #
#....~# .....~≈
#.......


You could see 4 skeletal warriors.

Vanquished Creatures
  Rupert (Lair:3)
  A tentacled starspawn (Lair:4)
  Nessos (Lair:4)
  A dire elephant (Lair:5)
  An ettin (Orc:2)
  Snorg (Orc:2)
  4 hydras
  Harold (Orc:1)
  16 death yaks
  2 catoblepae (Lair:5)
  A two-headed ogre (D:11)
  4 orc high priests (Orc:2)
  Nergalle (D:11)
  A skeletal warrior (D:12)
  3 skysharks
  An ugly thing (D:9)
  2 manticores (Lair:5)
  3 orc sorcerers (Orc:2)
  A cyclops (D:11)
  A wolf spider (Lair:5)
  Maurice (Orc:2)
  3 elephants
  3 black mambas
  A gargoyle (D:11)
  A torpor snail (Lair:5)
  20 cane toads
  4 rime drakes
  10 komodo dragons
  5 polar bears
  3 trolls
  A hornet (Lair:4)
  Prince Ribbit (D:8)
  6 dream sheep (Lair:5)
  8 blink frogs
  A snapping turtle (Lair:2)
  2 shadows
  2 wraiths (D:11)
  47 yaks
  A water elemental (Lair:2)
  A vampire (D:10)
  A human (Lair:4)
  5 wyverns
  3 basilisks
  A warg (Orc:1)
  A steam dragon (D:9)
  2 vampire mosquitoes (D:10)
  An acid dragon (D:10)
  11 water moccasins
  A sky beast (D:8)
  A black bear (Lair:3)
  27 orc warriors
  An ice beast (D:4)
  5 ogres
  16 wolves
  4 centaurs
  A phantom (D:7)
  9 kobold brigands
  6 scorpions
  24 bullfrogs
  A gnoll sergeant (D:7)
  5 wights (D:10)
  3 killer bees (D:11)
  A howler monkey (D:4)
  An electric eel (Lair:2)
  A human zombie (D:8)
  A bombardier beetle (D:6)
  A jelly (D:5)
  37 orc priests
  2 hounds (D:5)
  A gnoll bouda (D:9)
  3 iguanas
  2 sleepcaps
  A hell rat (Lair:5)
  31 orc wizards
  14 gnolls
  4 adders
  3 shadow imps
  3 white imps
  2 ufetubi (D:7)
  4 dart slugs
  79 orcs
  7 endoplasms
  2 giant cockroaches
  A hobgoblin (D:1)
  27 kobolds
  5 quokkas
  6 ball pythons
  2 frilled lizards
  10 goblins
  A goblin zombie (D:8)
  A jackal skeleton (D:8)
  5 rats
555 creatures vanquished.

Vanquished Creatures (collateral kills)
  A hydra (Lair:5)
  3 dream sheep (Lair:5)
  2 yaks (Lair:5)
  4 orc priests (Orc:2)
  An orc wizard (Orc:2)
  3 hell rats (Lair:5)
14 creatures vanquished.

Vanquished Creatures (others)
  A human (D:8)
  2 starspawn tentacles (Lair:4)
3 creatures vanquished.

Grand Total: 572 creatures vanquished

Notes
Turn   | Place    | Note
-------+----------+-------------------------------------------
     0 | D:1      | Dadi the Demonspawn Berserker began the quest for the Orb.
     0 | D:1      | Reached XP level 1. HP: 18/18 MP: 1/1
   430 | D:1      | Gained mutation: You have sharp fingernails. [demonic
                  | ancestry]
   430 | D:1      | Reached XP level 2. HP: 24/24 MP: 2/2
   826 | D:2      | Found Tirad's Antique Weapon Emporium.
   830 | D:2      | Gained mutation: Your demonic aura sometimes causes spilled
                  | blood to erupt in flames. [demonic ancestry]
   830 | D:2      | Reached XP level 3. HP: 29/30 MP: 3/3
   913 | D:2      | Found Eqelivuc's Armour Shop.
   918 | D:2      | Found Zogh's Antique Weapon Shop.
  1062 | D:2      | Reached ** piety under Trog
  1100 | D:2      | Found Buyrietu's Weapon Shop.
  1392 | D:2      | Found a faded altar of an unknown god.
  1425 | D:2      | Found a transporter.
  1425 | D:2      | Found Pugebob's Weapon Shoppe.
  1450 | D:2      | Found a transporter.
  1652 | D:3      | Reached skill level 5 in Fighting
  1652 | D:3      | Reached skill level 1 in Unarmed Combat
  1652 | D:3      | Reached XP level 4. HP: 39/39 MP: 4/4
  2371 | D:3      | Found a broken altar of Ashenzari.
  2579 | D:4      | Reached skill level 2 in Unarmed Combat
  2627 | D:4      | Gained mutation: Your demonic aura often causes spilled
                  | blood to erupt in flames. [demonic ancestry]
  2627 | D:4      | Reached XP level 5. HP: 42/44 MP: 5/5
  2856 | D:4      | Noticed an ice beast
  2858 | D:4      | Reached skill level 3 in Unarmed Combat
  2866 | D:4      | Killed an ice beast
  2867 | D:4      | Gained mutation: You have very sharp fingernails. [demonic
                  | ancestry]
  2867 | D:4      | Reached XP level 6. HP: 46/51 MP: 6/6
  2869 | D:4      | Reached skill level 4 in Unarmed Combat
  3011 | D:4      | Reached *** piety under Trog
  3085 | D:4      | Reached skill level 5 in Unarmed Combat
  3425 | D:4      | Found a burning altar of Makhleb.
  3877 | D:5      | Entered Level 5 of the Dungeon
  3900 | D:5      | Reached XP level 7. HP: 56/56 MP: 7/7
  3917 | D:5      | Reached skill level 6 in Unarmed Combat
  4269 | D:5      | Found a shadowy altar of Dithmenos.
  4295 | D:5      | Reached skill level 7 in Unarmed Combat
  4678 | D:6      | Found a staircase to the Ecumenical Temple.
  4689 | D:6      | Gained mutation: You have a somewhat thin skeletal
                  | structure. (Dex +2, Stealth+) [demonic ancestry]
  4689 | D:6      | Reached XP level 8. HP: 62/62 MP: 8/8
  4724 | D:6      | Found a radiant altar of Vehumet.
  4821 | D:6      | Found an ancient bone altar of Kikubaaqudgha.
  4837 | D:6      | Reached skill level 8 in Unarmed Combat
  5647 | D:7      | Reached skill level 9 in Unarmed Combat
  6197 | D:7      | Reached **** piety under Trog
  6281 | D:7      | Found a snail-covered altar of Cheibriados.
  6353 | D:8      | Noticed a komodo dragon
  6361 | D:8      | Reached skill level 10 in Unarmed Combat
  6363 | D:8      | Noticed an elephant
  6363 | D:8      | Killed a komodo dragon
  6364 | D:8      | Reached XP level 9. HP: 68/68 MP: 9/9
  6504 | D:8      | Noticed Prince Ribbit
  6511 | D:8      | Killed Prince Ribbit
  6568 | D:8      | Found a shimmering altar of Xom.
  6753 | D:8      | Found a blossoming altar of Fedhas.
  7095 | D:8      | Found a runed translucent door.
  7216 | D:8      | Found a basalt altar of Yredelemnul.
  7358 | D:8      | Found a shimmering blue altar of Sif Muna.
  7389 | D:8      | Found a staircase to the Lair.
  7461 | D:8      | Killed an elephant
  7462 | D:8      | Reached skill level 5 in Armour
  7682 | D:8      | Found an ornate altar of the Wu Jian Council.
  7753 | Lair:1   | Entered Level 1 of the Lair of Beasts
  7759 | Lair:1   | Identified the +5 spear of Amorality {flame, rC+ rN+ rCorr
                  | SInv}
  7777 | Lair:1   | Noticed a komodo dragon
  7785 | Lair:1   | Killed a komodo dragon
  7871 | Lair:1   | Gained mutation: You are partially covered in sharp spines.
                  | [demonic ancestry]
  7871 | Lair:1   | Reached XP level 10. HP: 79/80 MP: 10/10
  7973 | Lair:1   | Noticed a cane toad
  7987 | Lair:1   | Killed a cane toad
  8256 | Lair:1   | Noticed a black mamba
  8265 | Lair:1   | Killed a black mamba
  8269 | Lair:1   | HP: 3/83 [poisoned by a black mamba]
  8789 | Lair:1   | Reached skill level 10 in Fighting
  8789 | Lair:1   | Reached skill level 1 in Shapeshifting
  9207 | D:9      | Identified a scroll of acquirement
  9207 | D:9      | Acquired the +2 hat of Xegeuzaph {Fly Regen+ Dex+3}
  9317 | D:9      | Noticed a green ugly thing
  9355 | D:9      | Found a sacrificial altar of Ru.
  9419 | D:9      | Reached XP level 11. HP: 90/90 MP: 11/11
  9468 | D:9      | Reached ***** piety under Trog
  9547 | D:9      | Killed a green ugly thing
  9671 | D:9      | Found a flagged portal.
  9680 | Bailey   | Entered a bailey
 10001 | Bailey   | Found a burning altar of Makhleb.
 10050 | D:9      | Identified the +1 hand axe of Zoum {flame, Fly rF+ rC-
                  | Str+4 Stlth+}
 10582 | D:2      | Bought the +6 scale mail "Vaxo Siseosk" {rF+ Str+2 Int+2}
                  | for 676 gold pieces
 10793 | Lair:2   | Reached skill level 5 in Shapeshifting
 11119 | Lair:2   | Found a staircase to the Shoals.
 11130 | Lair:2   | Received a gift from Trog
 11399 | Lair:2   | Noticed a skyshark
 11405 | Lair:2   | Killed a skyshark
 11570 | Lair:3   | Reached skill level 5 in Dodging
 11570 | Lair:3   | Gained mutation: You have claws for hands. [demonic
                  | ancestry]
 11570 | Lair:3   | Reached XP level 12. HP: 91/97 MP: 12/12
 11593 | Lair:3   | Noticed a death yak
 11618 | Lair:3   | Noticed a death yak
 11620 | Lair:3   | Killed a death yak
 11620 | Lair:3   | Noticed a death yak
 11622 | Lair:3   | Noticed a death yak
 11626 | Lair:3   | Killed a death yak
 11632 | Lair:3   | Killed a death yak
 11637 | Lair:3   | Killed a death yak
 11829 | Lair:3   | Found a hole to the Spider Nest.
 11834 | Lair:3   | Noticed Rupert
 11853 | Lair:3   | Paralysed by Rupert for 3 turns
 11865 | Lair:3   | Killed Rupert
 11923 | Lair:3   | Noticed a four-headed hydra
 11930 | Lair:3   | Killed a nine-headed hydra
 12036 | Lair:3   | Noticed a death yak
 12036 | Lair:3   | Noticed a death yak
 12036 | Lair:3   | Noticed a death yak
 12060 | Lair:3   | Killed a death yak
 12063 | Lair:3   | Killed a death yak
 12072 | Lair:3   | Killed a death yak
 12136 | Lair:3   | Reached skill level 10 in Shapeshifting
 12208 | Lair:3   | Noticed a six-headed hydra
 12219 | Lair:3   | Killed an eight-headed hydra
 12469 | Lair:4   | Noticed a death yak
 12471 | Lair:4   | Noticed a death yak
 12552 | Lair:4   | Found a runed translucent door.
 12558 | Lair:4   | Noticed a tentacled starspawn
 12581 | Lair:4   | Noticed a death yak
 12589 | Lair:4   | Killed a death yak
 12590 | Lair:4   | Noticed Nessos
 12768 | Lair:4   | Killed Nessos
 12769 | Lair:4   | Reached XP level 13. HP: 101/103 MP: 13/13
 12867 | Lair:4   | Reached skill level 11 in Unarmed Combat
 13483 | Lair:4   | Reached skill level 12 in Unarmed Combat
 13741 | Lair:4   | Killed a tentacled starspawn
 13811 | Lair:5   | Entered Level 5 of the Lair of Beasts
 13875 | Lair:5   | Received a gift from Trog
 13888 | Lair:5   | Found a staircase to the Slime Pits.
 13904 | Lair:5   | Reached skill level 13 in Unarmed Combat
 14461 | Lair:5   | Reached skill level 14 in Unarmed Combat
 14475 | Lair:5   | Noticed a dire elephant
 14881 | Lair:5   | Gained mutation: Your hexes are more powerful. [demonic
                  | ancestry]
 14881 | Lair:5   | Reached XP level 14. HP: 95/110 MP: 14/14
 15587 | D:10     | Entered Level 10 of the Dungeon
 15641 | D:10     | Reached skill level 15 in Unarmed Combat
 15937 | D:10     | Found a staircase to the Orcish Mines.
 16023 | Orc:1    | Entered Level 1 of the Orcish Mines
 16052 | Orc:1    | Noticed Harold
 16063 | Orc:1    | Killed Harold
 16285 | Orc:2    | Entered Level 2 of the Orcish Mines
 16516 | Orc:2    | Noticed Snorg
 16526 | Orc:2    | Killed Snorg
 16529 | Orc:2    | Found an iron altar of Okawaru.
 16868 | Orc:2    | Noticed Maurice
 16874 | Orc:2    | Killed Maurice
 16935 | Orc:2    | Found a staircase to the Elven Halls.
 16976 | Orc:2    | Received a gift from Trog
 17053 | Orc:2    | Found Vaorgh's Antique Weapon Emporium.
 17155 | Orc:2    | Reached ****** piety under Trog
 17259 | Orc:2    | Found Fausyt's Jewellery Boutique.
 17259 | Orc:2    | Found Senat's Distillery.
 17260 | Orc:2    | Found Mefinou's Jewellery Shop.
 17295 | Orc:2    | Found Yrash's Magic Scroll Shop.
 17768 | Orc:2    | Bought the amulet "Faxaengo" {Reflect Will+ SH+5} for 511
                  | gold pieces
 18439 | D:11     | Reached skill level 16 in Unarmed Combat
 18526 | D:11     | Received a gift from Trog
 18672 | D:11     | Noticed Nergalle
 18703 | D:11     | Killed Nergalle
 18961 | D:12     | Mangled by a skeletal warrior

Illustrated notes

Levels and vault maps discovered:
D:1:      dpeg_arrival_houses_and_road, layout_basic, minmay_misc_feat_columns
D:2:      layout_loops_ring, basic_ecumenical_altar, serial_shops,
          nicolae_shop_drivethru, shop, nicolae_shop_just_a_little_nook, shop,
          shop, minmay_tromino_v4_c
D:3:      layout_basic, mainiacjoe_overflow_alcove_4, grunt_ministairs_13,
          roderic_lattice_a, chequers_serial_rivers_large_a, serial_park_tiny_1
D:4:      minmay_recursive_quarters, layout_basic, old_standard_altar,
          bloody_makhleb
D:5:      layout_basic, nicolae_dithmenos_shadow_blocks,
          kennysheep_generic_room_7
D:6:      layout_gridville, lemuel_doored_altar, lemuel_tele_altar,
          minmay_temple_entry_sparse_star
D:7:      layout_rooms, marbit_many_paths, eino_tiny_chamber
D:8:      layout_cave_pods, led_sif_pool, fedhas_bush_and_centaur_altar,
          xom_teletrap_fun, dk_yredelemnul_ordeal, mainiacjoe_overflow_alcove_1,
          grunt_lair_entry_orc_guard_hut, uniq_prince_ribbit1
D:9:      layout_loops_ring, nicolae_ru_sacrificial_ziggurat, zin_statuary,
          enter_bailey_2
D:10:     layout_long_grid, david_orc_4, serial_bayou_crossing
D:11:     layout_rooms, st_stairs_6, uniq_nergalle
D:12:     layout_basic, nooodl_orcs_dogs, uniq_sonja, uniq_jorgrun
Lair:1:   layout_roguey, grunt_forest_large_clearings
Lair:2:   layout_chaotic_city, minmay_shoals_entry_hut,
          chequers_serial_rivers_marsh, small_statue_intersection
Lair:3:   layout_roguey, spider_nest_entry_web_field, uniq_rupert
Lair:4:   layout_cellular_growth, pdpol_lair_cabin_in_the_woods,
          grunt_megastairs_2, uniq_nessos
Lair:5:   hangedman_lair_in_review, layout_regular_city, slime_entry_1,
          infiniplex_staircase_pool_2
Orc:1:    layout_caves, uniq_harold
Orc:2:    st_orc_mages, layout_diamond_mine, serial_shops, shop,
          okawaru_metal_pillars_3, uniq_maurice, uniq_snorg

Skill      XL: |  1  2  3  4  5  6  7  8  9 10 11 12 13 14 |
---------------+-------------------------------------------+-----
Fighting       | 4 5 8 10 11 | 11.2
Unarmed Combat | 1 2 3 5 7 10 14 16 | 16.2
Armour         | 2 5 8 |  8.0
Shapeshifting  | 2 7 10 | 10.8
Dodging        | 5 7 |  7.0
Maces & Flails | |  2.6

Action                     |  1- 3 |  4- 6 |  7- 9 | 10-12 | 13-15 || total
---------------------------+-------+-------+-------+-------+-------++-------
  Melee: Mace              |    11 |       |       |       |       ||    11
         Flail             |    67 |   113 |   135 |       |       ||   315
         Punch             |       |     1 |    20 |    22 |    66 ||   109
         Unarmed           |       |       |    67 |   356 |   562 ||   985
 Invoke: Berserk           |       |     1 |     3 |     5 |     6 ||    15
         Brothers in Arms  |       |       |       |       |     4 ||     4
    Use: Scroll            |       |       |       |    16 |     2 ||    18
         Potion            |       |       |       |     1 |     1 ||     2
   Stab: Sleeping          |       |       |       |       |     1 ||     1
 Armour: Chain mail        |    51 |    94 |   197 |   126 |       ||   468
         Animal skin       |     1 |       |       |       |       ||     1
         Scale mail        |       |       |       |   173 |   365 ||   538
  Dodge: Dodged            |    41 |    41 |   115 |   162 |   325 ||   684
  Block: Other             |       |       |       |       |    20 ||    20
         Reflection        |       |       |       |       |     1 ||     1
